Map: [ESL] Inside and Out

Players

ByuN

  • Race: Terran Terran
  • Spawn Location: 1:00

uThermal - Winner!

  • Race: Terran Terran
  • Spawn Location: 7:00

Event: DreamHack SC2 Masters 2022 Valencia

VOD

Have the link to the VOD?

Description

Time

  • Played on: July 1, 2022, 1:28 p.m.
  • Length: 10:43

All games in this series

Show
View Real Time Build Order
Export as new Build Order

ByuN Terran 

Build Orders: Cyclone Opening 

Get SALT Encoding   

  12  0:00  SCV  
  13  0:12  SCV  
  14  0:17  Supply Depot  
  14  0:24  SCV  
  15  0:38  SCV  
  15  0:39  Barracks  
  15  0:42  Refinery  
  16  0:50  SCV  
  16  0:53  Refinery  
  17  1:02  SCV  
  18  1:14  SCV  
  19  1:26  Reaper  
  19  1:27  Orbital Command  
  19  1:32  Supply Depot  
  20  1:43  Factory  
  20  1:52  SCV  
  21  1:58  Reaper  
  22  2:04  SCV  
  23  2:16  SCV  
  23  2:20  Command Center  
  24  2:26  Factory Tech Lab  
  24  2:28  SCV  
  25  2:30  Barracks Reactor  
  25  2:37  Supply Depot  
  25  2:40  SCV  
  26  2:44  Cyclone  
  29  2:52  SCV  
  29  2:57  Starport  
  30  3:04  SCV  
  31  3:06  Marine x2  
  32  3:17  SCV  
  35  3:20  Siege Tank  
  35  3:26  Refinery  
  35  3:28  Marine x2  
  35  3:30  SCV  
  38  3:35  Medivac  
  38  3:41  Orbital Command  
  40  3:43  SCV  
  40  3:46  Marine x2  
  43  3:55  SCV  
  44  3:57  Refinery  
  44  3:59  Siege Tank  
  47  4:05  Starport Tech Lab  
  47  4:06  Marine x2  
  47  4:08  SCV  
  47  4:09  SCV  
  51  4:14  Supply Depot  
  51  4:18  Supply Depot  
  51  4:20  SCV  
  51  4:21  SCV  
  53  4:27  Marine  
  53  4:28  Marine  
  51  4:31  Banshee  
  29  4:48  Siege Tank  
  22  5:04  SCV  
  23  5:12  SCV  
  17  5:41  SCV  
  18  5:43  SCV  
  18  5:53  SCV  
  18  5:55  SCV  
  20  6:04  Cyclone  
  20  6:09  SCV  
  24  6:11  SCV  
  25  6:21  SCV  
  25  6:23  SCV  
  27  6:33  SCV  
  27  6:35  SCV  
  29  6:45  SCV  
  27  6:47  SCV  
  27  6:50  Siege Tank  
  31  6:57  SCV  
  31  7:00  SCV  
  35  7:09  SCV  
  35  7:12  SCV  
  37  7:18  Viking x2  
  37  7:21  SCV  
  40  7:22  Marine  
  40  7:27  SCV  
  42  7:34  Siege Tank  
  42  7:36  SCV  
  46  7:39  SCV  
  46  7:42  Marine  
  48  7:48  SCV  
  48  7:51  SCV  
  52  7:58  Viking x2  
  52  8:02  SCV  
  52  8:03  SCV  
  52  8:05  Marine  
  57  8:14  SCV  
  57  8:15  SCV  
  57  8:17  Siege Tank  
  62  8:23  Marine  
  62  8:26  SCV  
  64  8:27  SCV  
  64  8:29  Supply Depot  
  65  8:39  Viking  
  65  8:40  Viking  
  69  8:44  SCV  
  70  8:50  SCV, Supply Depot  
  71  8:56  SCV  
  71  8:57  Marine  
  71  8:58  Siege Tank  
  76  9:03  SCV  
  76  9:08  SCV  
  78  9:12  Viking  
  78  9:15  SCV  
  78  9:18  Marine  
  63  9:30  Viking, Siege Tank  
  64  9:36  SCV x2, Marine  
  64  9:42  Viking  
  66  9:48  SCV  
  67  9:54  Marine  
  68  10:02  Refinery, Siege Tank, Command Center  
  68  10:03  Viking  
  73  10:11  Supply Depot  
  73  10:12  SCV x2  
  78  10:25  SCV x2  
Show
View Real Time Build Order
Export as new Build Order

uThermal Terran - Winner!

Build Orders: Gas First Reaper Expand, Hellion Opening 

Get SALT Encoding   

  12  0:00  SCV  
  13  0:12  SCV  
  14  0:17  Supply Depot  
  14  0:24  SCV  
  14  0:27  Refinery  
  15  0:38  SCV  
  16  0:44  Barracks  
  16  0:50  SCV  
  17  1:03  SCV  
  18  1:15  SCV  
  19  1:30  Reaper  
  19  1:31  Orbital Command  
  20  1:44  Command Center  
  20  1:55  Factory  
  20  1:58  SCV  
  21  2:04  Barracks Reactor  
  21  2:10  SCV  
  22  2:17  Supply Depot  
  22  2:20  Refinery  
  22  2:22  SCV  
  23  2:39  SCV  
  23  2:40  Starport  
  24  2:46  Hellion x2  
  24  2:49  Barracks Tech Lab  
  28  2:57  Orbital Command  
  28  3:00  SCV  
  26  3:07  Hellion  
  26  3:08  Hellion  
  29  3:18  Marauder  
  30  3:26  Concussive Shells  
  30  3:30  Medivac  
  30  3:33  Hellion  
  34  3:40  Marauder  
  36  3:44  Hellion  
  40  3:53  Supply Depot  
  40  3:55  Hellion, SCV  
  41  3:58  SCV  
  44  4:10  SCV x2  
  44  4:16  Raven, Refinery  
  46  4:22  SCV  
  47  4:25  Factory Tech Lab  
  43  4:39  SCV  
  43  4:44  Siege Tank  
  41  4:51  SCV, Marine x2  
  42  4:57  Orbital Command  
  42  4:59  Viking  
  39  5:03  SCV  
  38  5:08  Marine  
  38  5:09  Marine  
  37  5:25  SCV  
  36  5:29  SCV  
  37  5:38  SCV, Marine  
  37  5:41  SCV  
  40  5:50  SCV  
  40  5:53  Marine  
  40  5:54  SCV  
  40  5:56  Marine  
  44  6:02  SCV  
  45  6:04  Cyclone  
  45  6:06  SCV  
  49  6:14  SCV  
  49  6:15  Marine x2  
  49  6:16  Supply Depot  
  49  6:18  SCV  
  53  6:22  Supply Depot  
  53  6:26  SCV  
  54  6:34  Supply Depot  
  54  6:37  Raven, SCV, Marine  
  54  6:38  SCV  
  58  6:46  Siege Tank  
  56  6:50  SCV x2, Marine  
  59  6:55  Marine  
  59  6:58  Supply Depot  
  60  7:02  SCV  
  60  7:04  SCV  
  60  7:08  Marine  
  62  7:13  Marine  
  62  7:14  SCV  
  65  7:16  SCV  
  65  7:19  Siege Tank  
  69  7:26  SCV  
  69  7:29  SCV  
  71  7:33  Command Center  
  71  7:36  Viking x2  
  75  7:38  SCV  
  75  7:40  Refinery  
  75  7:41  Marine, Stimpack  
  77  7:46  Supply Depot  
  77  7:48  SCV  
  78  7:51  Siege Tank  
  78  7:55  SCV  
  82  8:00  SCV  
  83  8:06  Viking  
  83  8:08  Viking, Supply Depot  
  83  8:10  SCV  
  83  8:11  Marine  
  89  8:15  Supply Depot  
  89  8:18  SCV  
  90  8:22  SCV  
  90  8:23  Siege Tank  
  94  8:30  SCV, Marine  
  96  8:34  SCV  
  96  8:36  Viking  
  96  8:37  Viking  
  101  8:42  SCV  
  101  8:46  SCV  
  101  8:47  Barracks, Marine  
  104  8:48  Barracks  
  104  8:54  SCV  
  105  8:55  Siege Tank  
  105  8:58  SCV  
  108  9:05  Viking  
  108  9:06  SCV  
  108  9:07  Viking  
  104  9:10  SCV  
  104  9:18  SCV  
  104  9:20  SCV  
  104  9:23  SCV  
  101  9:27  Siege Tank  
  101  9:30  SCV  
  99  9:35  Viking  
  99  9:37  Viking  
  103  9:38  SCV  
  103  9:42  Marine  
  103  9:45  SCV  
  104  9:50  Orbital Command  
  104  9:51  SCV  
  104  9:57  SCV  
  108  10:00  Siege Tank, Marine  
  108  10:04  SCV  
  110  10:08  Viking  
  110  10:11  SCV  
  113  10:16  SCV x2  
  113  10:18  Marine  
  116  10:23  SCV  
  116  10:28  SCV  

Tags
 
Add a new tag
Caveats
  • Supply blocks, unpowered buildings, or Contaminate may cause inaccurate times.
  • Supply counts are checked every 10 seconds.